Map: Orbital Shipyard

Players

Nickos - Winner!

  • Race: Terran Terran
  • League: Gold

Rotterdamn

  • Race: Zerg Zerg
  • League: Bronze

VOD

Have the link to the VOD?

Description

3 base marine tank vs hydra 3 base

Time

  • Played on: Dec. 28, 2015, 6:10 a.m.
  • Length: 9:48
Show
View Real Time Build Order
Export as new Build Order

Nickos Terran - Winner!

Build Orders: Reaper Expand, MMM Bio 

Get SALT Encoding   

  12  0:01  SCV  
  13  0:13  SCV  
  14  0:19  Supply Depot  
  14  0:25  SCV  
  15  0:40  SCV  
  16  0:42  Barracks  
  16  0:45  Refinery  
  16  0:53  SCV  
  17  1:05  SCV  
  18  1:17  SCV  
  19  1:31  Orbital Command  
  19  1:34  Reaper  
  20  1:51  Command Center  
  20  1:59  SCV  
  20  2:01  Supply Depot  
  21  2:11  Factory  
  21  2:28  SCV  
  22  2:31  Barracks Reactor  
  22  2:40  SCV  
  22  2:52  SCV  
  23  3:01  Barracks  
  23  3:04  Factory Tech Lab  
  23  3:08  Barracks  
  23  3:10  Refinery  
  23  3:12  SCV  
  25  3:14  Orbital Command  
  25  3:18  Marine x2  
  25  3:32  SCV  
  26  3:39  Marine x2  
  26  3:40  Siege Tank  
  31  3:45  SCV x2  
  33  3:51  Supply Depot  
  33  3:57  SCV x2  
  33  4:01  Barracks Reactor  
  33  4:02  Barracks Tech Lab  
  35  4:09  SCV  
  37  4:10  SCV  
  37  4:20  Marine x2  
  37  4:21  Siege Tank  
  37  4:23  Marine  
  43  4:31  Stimpack  
  43  4:37  Engineering Bay  
  43  4:38  Engineering Bay  
  43  4:39  SCV  
  43  4:40  SCV  
  43  4:43  Marine, Refinery, Marauder  
  43  4:44  Marine x3  
  51  4:52  SCV  
  52  5:01  Marine x2  
  54  5:07  Terran Infantry Weapons Level 1  
  54  5:08  Command Center  
  54  5:16  Terran Infantry Armor Level 1  
  54  5:22  Supply Depot  
  54  5:29  Supply Depot  
  54  5:42  Supply Depot  
  54  5:43  SCV x2, Siege Tank, Marine x3  
  54  5:49  Marine x2  
  64  5:55  Barracks x2  
  64  5:56  SCV x2  
  66  6:01  Marine x3  
  69  6:05  Armory  
  69  6:07  Marine  
  69  6:08  SCV  
  69  6:09  SCV  
  69  6:10  Marine  
  73  6:19  Marine x2  
  73  6:20  SCV, Orbital Command  
  73  6:24  Supply Depot  
  76  6:29  SCV  
  76  6:30  Marine  
  76  6:31  Starport  
  76  6:32  Marine  
  79  6:35  SCV, Orbital Command  
  80  6:40  Missile Turret  
  80  6:43  SCV  
  80  6:44  Refinery  
  81  6:51  Marine x2  
  81  6:52  Marine x2  
  81  6:53  SCV  
  86  6:57  Combat Shields  
  86  7:08  SCV  
  86  7:09  SCV x2  
  86  7:15  Missile Turret  
  89  7:17  Terran Infantry Weapons Level 2  
  89  7:21  SCV x3, Marine x2  
  89  7:22  Marine x2  
  96  7:27  Barracks  
  96  7:31  Starport Reactor  
  96  7:32  Marine  
  96  7:33  SCV  
  96  7:34  Barracks Reactor  
  98  7:40  Siege Tank  
  101  7:47  Marine x4  
  101  7:48  Marine  
  101  7:50  Marine  
  107  8:05  Marine x2  
  109  8:07  Starport  
  109  8:10  Missile Turret  
  109  8:13  Barracks Reactor  
  109  8:23  Marine  
  109  8:25  Marine x2  
  109  8:26  SCV, Marine  
  109  8:27  SCV x2, Marine x2  
  109  8:28  Marine x2  
  109  8:29  Siege Tank  
  104  8:34  Medivac x2  
  104  8:38  SCV  
  109  8:50  Marine  
  109  8:51  Marine  
  109  8:53  SCV, Marine  
  109  8:55  Marine  
  109  8:56  Marine  
  109  8:57  Marine  
  109  9:10  Marine  
  109  9:11  Marine  
  109  9:13  Medivac, Marine  
  109  9:16  Marine x2  
  109  9:17  Marine  
  109  9:18  Marine  
  109  9:19  Marine  
  109  9:26  Marine  
  109  9:28  SCV x2  
  109  9:29  Supply Depot, Marine  
  109  9:32  Supply Depot  
  109  9:33  SCV  
Show
View Real Time Build Order
Export as new Build Order

Rotterdamn Zerg 

Build Orders: Hatch First 

Get SALT Encoding   

  12  0:02  Drone  
  13  0:09  Drone  
  14  0:34  Hatchery  
  13  0:38  Drone  
  14  0:54  Spawning Pool  
  13  0:58  Drone  
  13  1:03  Extractor  
  13  1:04  Drone  
  14  1:12  Overlord  
  14  1:34  Drone x3  
  17  1:49  Queen  
  17  1:51  Roach Warren  
  18  2:09  Drone  
  18  2:10  Drone  
  18  2:11  Drone  
  21  2:22  Drone x2  
  23  2:23  Drone  
  24  2:39  Roach x2  
  28  2:46  Lair  
  28  2:55  Spore Crawler  
  28  2:57  Drone  
  28  3:35  Overlord x2  
  28  3:36  Overlord x5  
  28  3:37  Overlord  
  28  3:50  Extractor  
  27  4:03  Hydralisk Den  
  27  4:05  Metabolic Boost  
  27  4:06  Hatchery  
  27  4:09  Drone  
  26  4:18  Drone x2  
  26  4:20  Drone  
  30  4:24  Zergling x2  
  30  4:34  Zergling x4  
  30  4:36  Queen  
  34  4:42  Zergling x4  
  36  4:54  Evolution Chamber, Muscular Augments  
  36  4:59  Drone  
  36  5:01  Drone  
  36  5:05  Drone  
  38  5:11  Drone  
  39  5:17  Drone  
  39  5:18  Drone x2  
  39  5:21  Drone  
  43  5:22  Drone  
  44  5:30  Zerg Melee Weapons Level 1  
  44  5:32  Zergling x2  
  44  5:34  Drone  
  46  5:38  Drone  
  47  5:43  Spore Crawler  
  47  5:47  Drone, Spine Crawler  
  46  5:55  Zergling x4  
  48  5:59  Drone  
  49  6:06  Drone  
  49  6:07  Extractor  
  49  6:10  Zergling x8  
  53  6:14  Zergling x2  
  53  6:15  Zergling x2  
  55  6:18  Lurker Den  
  55  6:20  Drone  
  55  6:25  Drone x2  
  58  6:29  Drone  
  58  6:31  Pneumatized Carapace  
  59  6:33  Overseer  
  59  6:38  Drone x2  
  61  6:50  Hydralisk  
  61  6:51  Hydralisk x2  
  61  6:53  Drone  
  68  6:58  Drone  
  68  7:00  Drone  
  70  7:02  Zergling x2  
  70  7:03  Zergling x2  
  70  7:08  Drone  
  73  7:11  Hydralisk  
  73  7:12  Hydralisk  
  77  7:19  Drone  
  78  7:23  Drone  
  78  7:24  Queen  
  81  7:38  Drone  
  81  7:40  Zerg Ground Armor Level 1  
  81  7:43  Drone  
  83  7:44  Drone  
  84  7:57  Overlord x5  
  84  7:58  Overlord x4  
  84  8:00  Overlord  
  84  8:08  Spine Crawler  
  84  8:11  Spine Crawler  
  82  8:18  Drone x2, Spine Crawler  
  82  8:19  Spine Crawler  
  82  8:23  Extractor  
  75  8:33  Hydralisk x5  
  75  8:34  Hydralisk  
  61  8:35  Hydralisk  
  65  8:43  Hydralisk x2  
  64  8:57  Hydralisk x2  
  64  8:58  Hydralisk x2  
  52  9:19  Hydralisk x3  
  52  9:20  Hydralisk  
  52  9:21  Zergling x4  
  55  9:31  Drone x3  
Tags
 
Add a new tag
Caveats
  • Supply blocks, unpowered buildings, or Contaminate may cause inaccurate times.
  • Supply counts are checked every 10 seconds.